 Dungeon Crawl Stone Soup version 0.31-a0-1-g4198be8af4 (webtiles) character file.

Game seed: 852660348143578335

94432 NateTC the Thaumaturge (level 15, -10/88 HPs)
             Began as a Deep Elf Earth Elementalist on Apr 30, 2023.
             Was the Champion of Vehumet.
             Shot with a bolt by a naga sharpshooter (22 damage)
             ... on level 2 of the Snake Pit on May 1, 2023.
             The game lasted 02:17:01 (20998 turns).

NateTC the Thaumaturge (DEEE)                      Turns: 20998, Time: 02:17:02

Health: -10/88     AC: 10    Str:  5    XL:     15   Next: 63%
Magic:  14/33      EV: 17    Int: 28    God:    Vehumet [******]
Gold:   1174       SH:  6    Dex: 15    Spells: 0/38 levels left

rFire   + + .        A - staff of conjuration
rCold   + . .        Y - +1 buckler {rC+}
rNeg    . . .        y - +0 steam dragon scales
rPois   +            c - +2 helmet
rElec   .            P - scarf {rC+ rF+}
rCorr   .            (no gloves)
SInv    .            n - +0 pair of boots
Will    +....        B - amulet of magic regeneration
Stlth   +++          t - ring of poison resistance
HPRegen 0.34/turn    X - ring of fire
MPRegen 0.63/turn

%: no passive effects
@: very slightly contaminated
A: no striking features
a: Renounce Religion


You were on level 2 of the Snake Pit.
You worshipped Vehumet.
Vehumet was exalted by your worship.
You visited 5 branches of the dungeon, and saw 21 of its levels.
You also visited: Bailey and Ice Cave.

You collected 1860 gold pieces.
You spent 686 gold pieces at shops.

Inventory:

Armour
 c - a +2 helmet (worn)
 n - a +0 pair of boots (worn)
 y - +0 steam dragon scales (worn)
 P - a scarf of resistance (worn)
 Y - a +1 buckler of cold resistance (worn)
Magical Staves
 A - a staff of conjuration (weapon)
Jewellery
 h - the ring "Xijoy" {Will+ Int+2}
   (You found it on level 1 of the Snake Pit)

   [ring of willpower]

   Int:       It affects your intelligence (+2).
   Will:      It increases your willpower.
 t - a ring of poison resistance (left hand)
 u - a ring of magical power
 z - a +6 ring of intelligence
 B - an amulet of magic regeneration (around neck)
 D - an amulet of guardian spirit
 L - a ring of willpower
 R - a +4 ring of protection
 X - a ring of fire (right hand)
Wands
 k - a wand of polymorph (15)
 x - a wand of mindburst (16)
 F - a wand of light (10)
 G - a wand of flame (44)
 H - a wand of charming (20)
 V - a wand of roots (5)
Scrolls
 e - 5 scrolls of teleportation
 f - a scroll of brand weapon
 j - a scroll of amnesia
 l - 5 scrolls of identify
 m - a scroll of silence
 q - 4 scrolls of poison
 v - 3 scrolls of noise
 E - 3 scrolls of magic mapping
 M - 4 scrolls of fear
 N - 2 scrolls of fog
 W - a scroll of enchant armour
 Z - a scroll of acquirement
Potions
 a - a potion of attraction
 b - 3 potions of magic
 d - 5 potions of curing
 g - 3 potions of flight
 i - 6 potions of mutation
 o - 2 potions of might
 p - 3 potions of lignification
 r - 3 potions of brilliance
 s - 2 potions of heal wounds
 C - 3 potions of ambrosia
 K - 2 potions of haste
 O - 2 potions of invisibility
 S - a potion of resistance


   Skills:
 - Level 8.0 Fighting
 - Level 3.3 Armour
 - Level 11.0 Dodging
 - Level 4.0 Stealth
 * Level 3.3 Shields
 - Level 12.0 Spellcasting
 * Level 11.4 Conjurations
 - Level 8.0 Hexes
 * Level 11.7 Summonings
 - Level 1.1 Transmutations
 - Level 10.3 Fire Magic
 - Level 6.5 Ice Magic
 - Level 9.1 Air Magic
 - Level 6.4 Earth Magic
 - Level 7.8 Evocations


You couldn't memorise any spells.
You knew the following spells:

 Your Spells              Type           Power      Damage    Failure   Level
a - Starburst             Conj/Fire      54%        6d15      2%          6
b - Stone Arrow           Conj/Erth      100%       3d13      1%          3
c - Orb of Destruction    Conj           44%        9d12      12%         7
d - Fulminant Prism       Conj/Hex       41%        3d19      1%          4
e - Fireball              Conj/Fire      54%        3d21      1%          5
f - Plasma Beam           Fire/Air       41%        2x1d60    4%          6
g - Spellforged Servitor  Conj/Summ      44%        N/A       11%         7

Your spell library contained the following spells:

 Spells                   Type           Power      Damage    Failure   Level
 Arcjolt                  Conj/Air       42%        1d52      1%          5
 Foxfire                  Conj/Fire      100%       2x1d9     1%          1
 Magic Dart               Conj           100%       1d8       1%          1
 Sandblast                Erth           100%       2d20      1%          1
 Passwall                 Tmut/Erth      30%        N/A       1%          2
 Searing Ray              Conj           100%       2d8       1%          2
 Hailstorm                Conj/Ice       79%        3d16      1%          3
 Inner Flame              Hex/Fire       80%        N/A       1%          3
 Ozocubu's Armour         Ice            52%        N/A       1%          3
 Cause Fear               Hex            29%        N/A       1%          4
 Iskenderun's Battlesphe  Conj           88%        2d14      1%          5
 Irradiate                Conj/Tmut      33%        3d22      3%          5
 Conjure Ball Lightning   Conj/Air       42%        3x3d15    3%          6
 Yara's Violent Unravell  Hex/Tmut       21%        3d10      7%          5
 Anguish                  Hex/Necr       19%        N/A       11%         4
 Ice Form                 Ice/Tmut       38%        N/A       12%         4
 Petrify                  Tmut/Erth      37%        N/A       12%         4
 Ozocubu's Refrigeration  Ice            26%        4d13      58%         7
 Blade Hands              Tmut           11%        N/A       69%         5
 Enfeeble                 Hex            29%        N/A       87%         7
 Simulacrum               Ice/Necr       17%        N/A       92%         6
 Dragon Form              Tmut           11%        N/A       100%        7
 Polar Vortex             Ice            26%        N/A       100%        9


Dungeon Overview and Level Annotations

Branches:
Dungeon (11/15) Zot: 26825  Temple (1/1) D:6 Zot: 5956    Lair (5/5) D:10 Zot: 23209
  Swamp (0/4) Lair:2        Snake (2/4) Lair:3 Zot: 10618   Slime (0/5) Lair:4
    Orc (2/2) D:9 Zot: 10554     Elf (0/3) Orc:2        Bailey (visited)
  IceCv (visited)

Altars:
Elyvilon
Fedhas
Gozag
Hepliaklqana
Kikubaaqudgha
Makhleb
Nemelex Xobeh
Qazlal
Sif Muna
Trog
Uskayaw
Vehumet
Xom
Yredelemnul
Zin
The Shining One
Jiyva

Shops:
Orc:1 :   Orc:2 ?[*(

Annotations:
D:9 exclusion: downstairs


Message History

Blink to where?
Press: ? - help, Dir - move target
As you read the scroll of blinking, it crumbles to dust.
Casting: Plasma Beam (dangerous; 4% risk of failure)
Confirm with . or Enter, or press ? or * to list all spells.
Casting: Plasma Beam (dangerous; 4% risk of failure)
Press: ? - help, Dir - look around, f - activate You feel a surge of power!
The bolt of lightning misses the naga.
The bolt of lightning hits the naga sharpshooter but does no damage.
The fiery plasma hits the naga!!
The naga is severely wounded.
The fiery plasma hits the naga sharpshooter!!!
The naga sharpshooter is severely wounded.
Casting: Plasma Beam (dangerous; 4% risk of failure)
Confirm with . or Enter, or press ? or * to list all spells.
Casting: Plasma Beam (dangerous; 4% risk of failure)
Press: ? - help, Dir - look around, f - activate You feel a surge of power!
The bolt of lightning misses the naga.
The bolt of lightning misses the naga sharpshooter.
The fiery plasma hits the naga!!!
You kill the naga!
Vehumet accepts your kill.
You feel your power returning.
The fiery plasma hits the naga sharpshooter but does no damage.
The naga sharpshooter is severely wounded.
Casting: Plasma Beam (dangerous; 4% risk of failure)
Confirm with . or Enter, or press ? or * to list all spells.
Casting: Plasma Beam (dangerous; 4% risk of failure)
Press: ? - help, Dir - look around, f - activate You feel a surge of power!
You miscast Plasma Beam.
You are very lightly contaminated with residual magic.
Nothing appears to happen.
The naga sharpshooter mumbles some strange words.
The naga sharpshooter magically shoots a bolt.
The bolt hits you!
* * * LOW HITPOINT WARNING * * *
The naga sharpshooter casts a spell.
The naga sharpshooter magically shoots a bolt.
The bolt hits you!!
You die...

### ## ##..
.# #.. ..
#.# # #. #@#
#. #?## #.#
#..##..# #.#
#.....# #)#
#..###)#
#....).#
#..#)N###
##.#....#
#.##.#.)....


You could see a naga sharpshooter.

Vanquished Creatures
  A frost giant (IceCv)
  2 vault guards (Bailey)
  Fannar (Lair:1)
  4 hydras
  2 catoblepae
  4 ogre magi (Orc:2)
  16 two-headed ogres
  A naga warrior (Snake:1)
  2 boulder beetles
  21 death yaks
  A deep troll shaman (Lair:5)
  A shock serpent (Snake:1)
  3 naga sharpshooters
  Sonja (Lair:1)
  Amaemon (D:8)
  Nergalle (Lair:1)
  A skyshark (Lair:3)
  Pikel (D:4)
  A naga ritualist (Snake:1)
  An oklob plant (D:9)
  An orc knight (Orc:2)
  4 mana vipers
  2 salamanders (Snake:2)
  Maurice (D:8)
  14 elephants
  3 naga magi
  27 black mambas
  An ice statue (IceCv)
  A torpor snail (Lair:4)
  An orange demon (D:8)
  6 cane toads
  Maggie (D:7)
  13 komodo dragons
  11 rime drakes
  A kobold demonologist (D:9)
  2 trolls (D:10)
  A tyrant leech (Lair:2)
  3 hornets
  8 polar bears
  Prince Ribbit (D:8)
  12 blink frogs
  Sigmund (D:2)
  A wraith (D:9)
  Grum (D:8)
  49 yaks
  4 humans (Bailey)
  7 wyverns
  2 steam dragons
  6 basilisks
  11 nagas
  2 swamp worms (Lair:2)
  A warg (Orc:2)
  15 water moccasins
  13 orc warriors
  4 ice beasts
  3 black bears
  32 wolves
  31 ogres
  2 centaurs (D:9)
  A phantom (D:2)
  3 lemures
  3 kobold brigands
  20 bullfrogs
  3 scorpions
  12 wights
  An elephant simulacrum (Lair:2)
  7 killer bees
  5 howler monkeys
  4 electric eels (Lair:2)
  A lava snake (D:8)
  8 orc priests
  A gnoll bouda (D:6)
  A hound (D:6)
  7 jellies
  A sleepcap (D:6)
  2 iguanas
  16 orc wizards
  A polar bear simulacrum (Lair:2)
  Robin (D:2)
  8 gnolls
  7 adders
  2 white imps
  2 ufetubi
  2 worms
  4 dart slugs (D:1)
  44 orcs
  6 bats
  19 endoplasms
  A giant cockroach (D:3)
  16 goblins
  10 hobgoblins
  3 jackals (D:2)
  5 quokkas
  4 ball pythons
  5 frilled lizards
  22 kobolds
  6 rats
  A bush (Lair:2)
  8 fulminant prisms
638 creatures vanquished.

Vanquished Creatures (others)
  A bush (Lair:2)
  306 fulminant prisms
  40 fungi
  44 plants
391 creatures vanquished.

Grand Total: 1029 creatures vanquished

Notes
Turn   | Place    | Note
-------+----------+-------------------------------------------
     0 | D:1      | NateTC the Deep Elf Earth Elementalist began the quest for
                  | the Orb.
     0 | D:1      | Reached XP level 1. HP: 10/10 MP: 6/6
   149 | D:1      | Reached skill level 1 in Conjurations
   255 | D:1      | Reached XP level 2. HP: 15/15 MP: 6/8
   720 | D:1      | Reached XP level 3. HP: 17/19 MP: 6/10
   724 | D:1      | Learned a level 3 spell: Stone Arrow
   754 | D:1      | Learned a level 1 spell: Magic Dart
  1092 | D:2      | Found a faded altar of an unknown god.
  1295 | D:2      | Found a hide-covered altar of Uskayaw.
  1489 | D:2      | Noticed a phantom
  1569 | D:2      | Killed a phantom
  1570 | D:2      | Reached skill level 4 in Spellcasting
  1570 | D:2      | Reached XP level 4. HP: 18/24 MP: 4/12
  1644 | D:2      | Noticed Sigmund
  1650 | D:2      | Killed Sigmund
  1651 | D:2      | Reached XP level 5. HP: 18/28 MP: 7/13
  1651 | D:2      | Reached XP level 6. HP: 21/32 MP: 7/14
  1731 | D:2      | Noticed Robin
  1756 | D:2      | Killed Robin
  1757 | D:2      | Reached skill level 5 in Conjurations
  2414 | D:3      | Reached skill level 5 in Earth Magic
  3200 | D:4      | Noticed Pikel
  3443 | D:4      | Killed Pikel
  3444 | D:4      | Reached XP level 7. HP: 12/36 MP: 2/15
  3540 | D:4      | Learned a level 4 spell: Fulminant Prism
  3772 | D:4      | Reached skill level 1 in Hexes
  3945 | D:5      | Entered Level 5 of the Dungeon
  3980 | D:5      | Identified the +5 tower shield of the Trombone {+Inv Int+3
                  | Stlth-}
  4021 | D:5      | Reached skill level 1 in Fighting
  4021 | D:5      | Reached XP level 8. HP: 39/43 MP: 16/16
  5364 | D:6      | Reached skill level 5 in Hexes
  5446 | D:6      | Found a staircase to the Ecumenical Temple.
  5457 | Temple   | Entered the Ecumenical Temple
  5480 | Temple   | Became a worshipper of Vehumet
  5686 | D:6      | Reached skill level 5 in Dodging
  5857 | D:6      | Reached XP level 9. HP: 49/49 MP: 17/17
  6183 | D:7      | Noticed Maggie
  6184 | D:7      | Reached skill level 1 in Evocations
  6185 | D:7      | Reached skill level 5 in Spellcasting
  6186 | D:7      | Killed Maggie
  6354 | D:7      | Reached skill level 6 in Spellcasting
  6549 | D:7      | Reached * piety under Vehumet
  6549 | D:7      | Offered knowledge of Shock by Vehumet.
  6601 | D:7      | Learned a level 5 spell: Fireball
  7089 | D:8      | Reached skill level 1 in Fire Magic
  7134 | D:8      | Noticed Amaemon
  7139 | D:8      | Noticed an orange demon
  7147 | D:8      | Killed an orange demon
  7147 | D:8      | Killed Amaemon
  7148 | D:8      | Reached skill level 7 in Spellcasting
  7148 | D:8      | Reached skill level 5 in Fire Magic
  7189 | D:8      | Learned a level 6 spell: Plasma Beam
  7219 | D:8      | Noticed Prince Ribbit
  7221 | D:8      | Killed Prince Ribbit
  7222 | D:8      | Reached skill level 1 in Air Magic
  7222 | D:8      | Reached XP level 10. HP: 54/54 MP: 22/22
  7256 | D:8      | Found an opulent altar of Gozag.
  7348 | D:8      | Found a transporter.
  7349 | D:8      | Found a transporter.
  7349 | D:8      | Noticed a boulder beetle
  7394 | D:8      | Noticed Maurice
  7403 | D:8      | Killed Maurice
  7495 | D:8      | Noticed Grum
  7500 | D:8      | Killed Grum
  7500 | D:8      | Reached ** piety under Vehumet
  7731 | D:8      | Killed a boulder beetle
  7731 | D:8      | Offered knowledge of Poisonous Vapours by Vehumet.
  7843 | D:9      | Reached skill level 5 in Air Magic
  7863 | D:9      | Found a flagged portal.
  7898 | Bailey   | Entered a bailey
  8067 | Bailey   | Noticed a vault guard
  8070 | Bailey   | Offered knowledge of Volatile Blastmotes by Vehumet.
  8071 | Bailey   | Reached XP level 11. HP: 46/58 MP: 23/23
  8081 | Bailey   | Killed a vault guard
  8192 | Bailey   | Noticed a vault guard
  8198 | Bailey   | Killed a vault guard
  8336 | D:9      | Reached *** piety under Vehumet
  8510 | D:9      | Offered knowledge of Ignite Poison by Vehumet.
  8670 | D:9      | Found a staircase to the Orcish Mines.
  8762 | D:9      | Noticed a two-headed ogre
  8766 | D:9      | Killed a two-headed ogre
  8998 | D:9      | Noticed an oklob plant
  9002 | D:9      | Killed an oklob plant
  9002 | D:9      | Reached **** piety under Vehumet
  9003 | D:9      | Reached skill level 10 in Fire Magic
  9057 | D:9      | Found a stormy altar of Qazlal.
  9058 | D:9      | Found an ancient bone altar of Kikubaaqudgha.
  9093 | D:9      | Offered knowledge of Airstrike by Vehumet.
  9732 | D:10     | Entered Level 10 of the Dungeon
  9922 | D:10     | Paralysed by a hornet for 2 turns
  9991 | D:10     | Noticed a two-headed ogre
 10003 | D:10     | Killed a two-headed ogre
 10087 | D:10     | Reached skill level 1 in Armour
 10264 | D:10     | Noticed a two-headed ogre
 10271 | D:10     | Killed a two-headed ogre
 10308 | D:10     | Found a staircase to the Lair.
 10443 | Lair:1   | Entered Level 1 of the Lair of Beasts
 10445 | Lair:1   | Reached XP level 12. HP: 66/66 MP: 24/24
 10453 | Lair:1   | Noticed Fannar
 10457 | Lair:1   | Killed Fannar
 10747 | Lair:1   | Reached skill level 5 in Fighting
 10814 | Lair:1   | Reached ***** piety under Vehumet
 11092 | Lair:1   | Noticed Nergalle
 11104 | Lair:1   | Offered knowledge of Sticky Flame by Vehumet.
 11110 | Lair:1   | Killed Nergalle
 11121 | Lair:1   | Reached skill level 8 in Spellcasting
 11149 | Lair:1   | Noticed Sonja
 11151 | Lair:1   | Killed Sonja
 12132 | Lair:2   | Noticed a seven-headed hydra
 12141 | Lair:2   | Killed a seven-headed hydra
 12142 | Lair:2   | Reached skill level 5 in Evocations
 12322 | Lair:2   | Found a frozen archway.
 12393 | IceCv    | Entered an ice cave
 12475 | IceCv    | Noticed a death yak
 12488 | IceCv    | Killed a death yak
 12489 | IceCv    | Reached XP level 13. HP: 74/74 MP: 20/27
 12566 | IceCv    | Reached skill level 10 in Dodging
 12948 | IceCv    | Noticed a frost giant
 12952 | IceCv    | Killed a frost giant
 12952 | IceCv    | Offered knowledge of Spellforged Servitor by Vehumet.
 13014 | IceCv    | Learned a level 7 spell: Spellforged Servitor
 13278 | Lair:2   | Found a hide-covered altar of Uskayaw.
 13294 | Lair:2   | Reached skill level 1 in Summonings
 14087 | Lair:2   | Found a staircase to the Swamp.
 14245 | Lair:3   | Reached skill level 9 in Spellcasting
 14337 | Lair:3   | Reached skill level 5 in Summonings
 14880 | Lair:3   | Reached skill level 10 in Spellcasting
 14912 | Lair:3   | Found a staircase to the Snake Pit.
 14988 | Lair:3   | Reached XP level 14. HP: 84/84 MP: 29/30
 15205 | Lair:4   | Found a viscous altar of Jiyva.
 15205 | Lair:4   | Found a staircase to the Slime Pits.
 15456 | Lair:4   | Reached skill level 11 in Spellcasting
 15471 | Lair:4   | Offered knowledge of Iskenderun's Battlesphere by Vehumet.
 15482 | Lair:4   | Learned a level 9 spell: Polar Vortex
 15503 | Lair:4   | Identified the +5 dagger of Melee {freeze, Int+2 Dex+4}
 15579 | Lair:4   | Reached skill level 1 in Ice Magic
 15935 | Lair:5   | Entered Level 5 of the Lair of Beasts
 15957 | Lair:4   | HP: 2/84 [poisoned by a black mamba]
 16906 | Lair:5   | Reached skill level 5 in Ice Magic
 17115 | Lair:5   | Learned a level 6 spell: Starburst
 17177 | Lair:5   | Identified the +2 robe "Wonunneb" {Str+3 Dex+3}
 17720 | Lair:5   | Identified the +5 morningstar of the Brewing Visionary
                  | {flame, rN++ Str+6}
 17721 | Lair:5   | Identified the +9 mace "Xaosudut" {flame, Will- Str+4
                  | Dex+2}
 18044 | Orc:1    | Entered Level 1 of the Orcish Mines
 18221 | Orc:1    | Offered knowledge of Conjure Ball Lightning by Vehumet.
 18389 | Orc:1    | Found Akuodid's Book Shop.
 18519 | Orc:2    | Entered Level 2 of the Orcish Mines
 18538 | Orc:2    | Reached skill level 10 in Summonings
 18604 | Orc:2    | Reached XP level 15. HP: 49/88 MP: 32/32
 18606 | Orc:2    | Reached skill level 10 in Conjurations
 18624 | Orc:2    | Reached skill level 12 in Spellcasting
 18637 | Orc:1    | Reached ****** piety under Vehumet
 18887 | Orc:2    | Found a staircase to the Elven Halls.
 19123 | Orc:2    | Found Jyuwargh's Magic Scroll Shop.
 19123 | Orc:2    | Found Doqel's Assorted Antiques.
 19124 | Orc:2    | Found Cecziwar's Antique Armour Shoppe.
 19124 | Orc:2    | Found Inewatt's Antique Weapon Boutique.
 19132 | Orc:2    | Bought a runed buckler for 292 gold pieces
 19139 | Orc:2    | Bought a wand of flame (13) for 254 gold pieces
 19139 | Orc:2    | Bought a runed copper ring for 140 gold pieces
 19616 | Snake:1  | Entered Level 1 of the Snake Pit
 19731 | Snake:1  | Identified the ring "Xijoy" {Will+ Int+2}
 19842 | Snake:1  | Reached skill level 1 in Shields
 19951 | Snake:1  | Identified a scroll of acquirement
 19960 | Snake:1  | Offered knowledge of Arcjolt by Vehumet.
 20051 | Snake:1  | You fall into a shaft and drop 1 floor!
 20374 | Snake:1  | Learned a level 7 spell: Orb of Destruction
 20998 | Snake:2  | Shot with a bolt by a naga sharpshooter

Illustrated notes

Levels and vault maps discovered:
D:1:      wander_arrival_fairy_ring, layout_loops_ring, minmay_tall_x
D:2:      layout_basic, ebering_ecumenical_altar_ruins, basic_altar, uniq_robin,
          uniq_sigmund
D:3:      layout_loops_ring, amcnicky_mini_pool_small, st_stairs_3
D:4:      layout_rooms, uniq_pikel
D:5:      layout_basic
D:6:      layout_loops_corners, minmay_temple_entry_fiery
D:7:      layout_loops_cross, uniq_maggie
D:8:      gammafunk_boulding_lane, layout_gridville, kennysheep_little_box,
          kennysheep_generic_room_10, uniq_maurice, uniq_amaemon, uniq_grum,
          uniq_prince_ribbit1
D:9:      lemuel_slime, layout_gridville, grunt_temple_overflow_open,
          orc_0_dummy, lightli_bailey_entry_fortress
D:10:     layout_rooms, lair_entry_dummy
D:11:     layout_loops_cross, serial_shops, nicolae_shop_tiny_glass
Temple:   nicolae_temple_bog_church
Lair:1:   layout_small_grid, uniq_fannar, uniq_sonja, uniq_nergalle
Lair:2:   layout_gridlike, minmay_swamp_entry_worms, basic_altar,
          portal_ice_cave_entry_ice_simulacra, infiniplex_staircase_pool_2
Lair:3:   layout_roguey, minmay_snake_entry_guardpost_small, lemuel_fruit_tree,
          serial_bayou_shore_b, grunt_megastairs_5
Lair:4:   layout_misc_corridors, slime_entry_1
Lair:5:   grunt_lair_end_beastmaster, layout_misc_corridors
Snake:1:  layout_honeycomb
Snake:2:  layout_rooms
Orc:1:    layout_caves, serial_shops, nicolae_shop_window_shopping
Orc:2:    st_orc_ogre_mass, layout_caves, basic_altar, nicolae_orc_lost_temple

Skill      XL: |  1  2  3  4  5  6  7  8  9 10 11 12 13 14 15 |
---------------+----------------------------------------------+-----
Conjurations   | 1 2 3 4 7 9 11 | 11.4
Spellcasting   | 4 7 8 10 11 12 | 12.0
Earth Magic    | 4 6 |  6.4
Hexes          | 1 6 8 |  8.0
Fighting       | 1 2 4 6 8 |  8.0
Dodging        | 5 7 8 9 11 | 11.0
Evocations     | 2 6 7 |  7.8
Fire Magic     | 5 8 10 | 10.3
Air Magic      | 1 6 9 |  9.1
Armour         | 2 3 |  3.3
Stealth        | 4 |  4.0
Summonings     | 6 10 11 | 11.7
Ice Magic      | 5 6 |  6.5
Shields        | 3 |  3.3
Transmutations | |  1.1

Action                     |  1- 3 |  4- 6 |  7- 9 | 10-12 | 13-15 || total
---------------------------+-------+-------+-------+-------+-------++-------
  Melee: Unarmed           |       |     3 |       |       |       ||     3
         Staff             |       |       |       |     3 |     3 ||     6
   Cast: Sandblast         |    40 |    22 |     3 |     5 |     1 ||    71
         Magic Dart        |    36 |    49 |    40 |     7 |     1 ||   133
         Stone Arrow       |     1 |    14 |    52 |    48 |    60 ||   175
         Fulminant Prism   |       |       |    23 |   106 |   185 ||   314
         Fireball          |       |       |       |    60 |    28 ||    88
         Plasma Beam       |       |       |       |    36 |   125 ||   161
         Starburst         |       |       |       |       |    10 ||    10
    Use: Scroll            |     6 |     6 |     7 |     8 |    10 ||    37
         Potion            |       |       |       |     4 |     2 ||     6
 Armour: Robe              |       |     8 |     3 |       |       ||    11
         Steam dragon scal |       |       |     1 |    41 |    64 ||   106
  Dodge: Dodged            |     8 |    16 |    15 |   140 |   225 ||   404
  Block: Buckler           |       |       |       |       |     1 ||     1

Table legend: (Time is in decaauts)
 A = Elapsed time spent in this place.
 B = Non-inter-level travel time spent in this place.
 C = Inter-level travel time spent in this place.
 D = Time resting spent in this place.
 E = Time spent auto-exploring this place.
 F = Levels seen in this place.
 G = Mean time per level.
                   A        B        C        D        E       F      G
               +--------+--------+--------+--------+--------+-----+--------+
         Total |  21077 |  20161 |    916 |   6551 |   4872 |  23 |  916.4 |
       Dungeon |  10163 |   9669 |    494 |   2676 |   3148 |  11 |  923.9 |
        Temple |     43 |     23 |     20 |      0 |      0 |   1 |   43.0 |
          Lair |   6790 |   6469 |    321 |   2588 |   1074 |   5 | 1358.0 |
     Snake Pit |   1380 |   1369 |     11 |    390 |    305 |   2 |  690.0 |
  Orcish Mines |   1446 |   1377 |     69 |    312 |    329 |   2 |  723.0 |
        Bailey |    422 |    422 |      0 |    235 |      0 |   1 |  422.0 |
      Ice Cave |    831 |    831 |      0 |    350 |     16 |   1 |  831.0 |
               +--------+--------+--------+--------+--------+-----+--------+

Top non-repeatable levels by time:
  Lair:1: 1895 daAuts
     D:9: 1665 daAuts
     D:6: 1642 daAuts
  Lair:4: 1604 daAuts
 Snake:1: 1311 daAuts
  Lair:2: 1230 daAuts
  Lair:5: 1112 daAuts
     D:3: 1107 daAuts
     D:1: 1088 daAuts
     D:2: 1075 daAuts
  Lair:3: 946 daAuts
   IceCv: 831 daAuts
     D:5: 818 daAuts
     D:8: 747 daAuts
   Orc:1: 746 daAuts
